 Dungeon Crawl Stone Soup version 0.31-a0-1338-gb567cfdca4 (webtiles) character file.

Game seed: 8963522702033008298

962 Curundu the Covered (level 7, -4/61 HPs)
             Began as a Minotaur Berserker on Dec 22, 2023.
             Was a Priest of Trog.
             Slain by an acid dragon (7 damage)
             ... on level 8 of the Dungeon on Dec 23, 2023.
             The game lasted 00:12:10 (4965 turns).

Curundu the Covered (Minotaur Berserker)            Turns: 4965, Time: 00:12:11

Health: -4/61      AC:  3    Str: 27    XL:     7   Next: 92%
Magic:  6/6        EV: 12    Int:  2    God:    Trog [***...]
Gold:   210        SH:  5    Dex: 15    Spells: 6/6 levels left

rFire   . . .        z - +3 hand axe "Utiykisk" {freeze, Str+4 Int-2 Dex+5}
rCold   . . .        (no shield)
rNeg    . . .        a - +0 scale mail
rPois   .            (helmet restricted)
rElec   .            (no cloak)
rCorr   .            (no gloves)
SInv    .            (no boots)
Will    .....        C - amulet of reflection Stlth
                     (no ring)
HPRegen 0.30/turn    (no ring)
MPRegen 0.10/turn

%: reflection
@: corroded
A: horns 2, retaliatory headbutt
a: Renounce Religion, Berserk, Trog's Hand


You were on level 8 of the Dungeon.
You worshipped Trog.
Trog was most pleased with you.
You visited 1 branch of the dungeon, and saw 7 of its levels.

You collected 210 gold pieces.

Inventory:

Hand Weapons
 m - a +2 dagger of venom
 x - a +4 scythe of distortion
 z - the +3 hand axe "Utiykisk" (weapon) {freeze, Str+4 Int-2 Dex+5}
   (You found it on level 4 of the Dungeon)

   Str+4:     It affects your strength (+4).
   Int-2:     It affects your intelligence (-2).
   Dex+5:     It affects your dexterity (+5).
Missiles
 n - 4 boomerangs
 y - 3 curare-tipped darts
 A - 5 javelins
 E - 5 poisoned darts
Armour
 a - a +0 scale mail (worn)
Jewellery
 g - a ring of flight
 C - an amulet of reflection (around neck)
Wands
 r - a wand of charming (6) (quivered)
 F - a wand of flame (18)
Scrolls
 b - 3 scrolls of noise {unknown}
 c - 2 scrolls of enchant armour {unknown}
 d - 2 scrolls of blinking {unknown}
 h - a scroll of silence {unknown}
 k - 2 scrolls of enchant weapon {unknown}
 l - a scroll of revelation {unknown}
 o - a scroll of fog {unknown}
 p - 2 scrolls of teleportation {unknown}
 q - 3 scrolls of identify {unknown}
 s - a scroll of immolation {unknown}
 t - a scroll of vulnerability {unknown}
Potions
 e - 2 potions of heal wounds {unknown}
 f - 2 potions of enlightenment {unknown}
 i - 2 potions of berserk rage {unknown}
 j - 2 potions of might {unknown}
 u - a potion of brilliance {unknown}
 v - a potion of haste {unknown}
 w - a potion of cancellation {unknown}
 B - a potion of curing {unknown}
 D - a potion of invisibility {unknown}


   Skills:
 + Level 5.6 Fighting
 + Level 2.2(3.8) Short Blades
 + Level 5.2(5.5) Long Blades
 + Level 3.3(4.0) Axes
 + Level 3.2(3.9) Polearms
 + Level 6.2 Armour
 + Level 3.8 Dodging
 + Level 0.8 Stealth
 + Level 0.6 Shields
 + Level 0.2 Evocations


You had 6 spell levels left.
You didn't know any spells.
Your spell library was empty.

Dungeon Overview and Level Annotations

Branches:
Dungeon (6/15)             Temple (0/1) D:4

Altars:
Fedhas
Makhleb
Ru

Shops:
D:1 :


Innate Abilities, Weirdness & Mutations

You have a pair of horns on your head.
You reflexively headbutt those who attack you in melee.


Message History

Items here: (( ))))))) ††††.
E - 5 poisoned darts HP restored.
You see here a +0 short sword.
F - a wand of flame (18)
An acid dragon comes into view.
The acid dragon spits acid at you. The splash of acid hits you!!
Ouch! That really hurt!
A steam dragon comes into view.
Found a book of the Earth and a weird glowing staff.
The steam dragon moves out of view.
The acid dragon bites you but does no damage.
The acid dragon claws you.
You slash the acid dragon! You freeze the acid dragon.
The acid dragon is moderately wounded.
The acid dragon spits acid at you. The splash of acid hits you!
* * * LOW HITPOINT WARNING * * *
The acid corrodes you!
You hear a loud, deep croak!
You hit the acid dragon but do no damage.
The acid dragon is moderately wounded.
The acid dragon barely misses you. The acid dragon claws you.
* * * LOW HITPOINT WARNING * * *
You closely miss the acid dragon.
The acid dragon is moderately wounded.
The acid dragon bites you.
* * * LOW HITPOINT WARNING * * *
The acid dragon barely misses you.
You barely miss the acid dragon.
The acid dragon is moderately wounded.
The acid dragon bites you!
* * * LOW HITPOINT WARNING * * *
The acid dragon claws you but does no damage.
You barely miss the acid dragon. You headbutt the acid dragon.
The acid dragon is heavily wounded.
You hit the steam dragon. You freeze the steam dragon.
The acid dragon bites you!
You die...

.... ..#.# .... |...
.........:
....#.#.#.#...
.............
#.#.#.#.#.#+#
#.........#.#
#.DD#.#.....#
####..@......#.##
#........#####...#####
#.###.##.............#
#. #..###.....##...
#.##..###.#.#.#
#.........#.#.#
####..#####.#.#
#..#####.#.#
#....).)...#


You could see a steam dragon and an acid dragon.

Vanquished Creatures
  Sigmund (D:4)
  Edmund (D:5)
  An ogre (D:5)
  A centaur (D:5)
  A kobold brigand (D:8)
  2 scorpions
  An orc priest (D:5)
  A jelly (D:4)
  3 iguanas
  2 orc wizards
  2 adders
  3 bombardier beetles
  2 worms
  9 orcs
  10 bats
  10 endoplasms
  6 giant cockroaches
  8 goblins
  2 hobgoblins
  11 jackals
  17 kobolds
  2 quokkas
  7 ball pythons
  A frilled lizard (D:3)
  6 rats
110 creatures vanquished.

Notes
Turn   | Place    | Note
-------+----------+-------------------------------------------
     0 | D:1      | Curundu the Minotaur Berserker began the quest for the Orb.
     0 | D:1      | Reached XP level 1. HP: 19/19 MP: 0/0
    81 | D:1      | Reached XP level 2. HP: 25/27 MP: 1/1
   386 | D:1      | Found Ogyuh's Book Boutique.
   493 | D:1      | Reached XP level 3. HP: 29/33 MP: 2/2
   979 | D:2      | Reached ** piety under Trog
  1509 | D:2      | Reached XP level 4. HP: 34/41 MP: 3/3
  2522 | D:3      | Reached skill level 3 in Armour
  2856 | D:4      | Noticed Sigmund
  2864 | D:4      | Killed Sigmund
  2865 | D:4      | Reached skill level 5 in Fighting
  2865 | D:4      | Reached skill level 1 in Short Blades
  2865 | D:4      | Reached skill level 5 in Long Blades
  2865 | D:4      | Reached skill level 4 in Armour
  2865 | D:4      | Reached XP level 5. HP: 12/48 MP: 4/4
  2865 | D:4      | Reached XP level 6. HP: 14/56 MP: 5/5
  3045 | D:4      | Identified the +0 chain mail "Kerumavi" {rF- Will+ Int+4}
  3075 | D:4      | Reached skill level 1 in Polearms
  3212 | D:4      | Found a sacrificial altar of Ru.
  3217 | D:4      | Identified the +3 hand axe "Utiykisk" {freeze, Str+4 Int-2
                  | Dex+5}
  3437 | D:4      | Found a staircase to the Ecumenical Temple.
  3674 | D:5      | Entered Level 5 of the Dungeon
  3703 | D:5      | Noticed Edmund
  3715 | D:5      | Killed Edmund
  3716 | D:5      | Reached skill level 5 in Armour
  3716 | D:5      | Reached XP level 7. HP: 55/61 MP: 6/6
  3907 | D:5      | Reached skill level 1 in Axes
  3988 | D:5      | Reached *** piety under Trog
  4007 | D:5      | Reached skill level 6 in Armour
  4559 | D:5      | Found a burning altar of Makhleb.
  4730 | D:5      | Found a blossoming altar of Fedhas.
  4893 | D:6      | You fall into a shaft and drop 2 floors!
  4959 | D:8      | Noticed a steam dragon
  4964 | D:8      | HP: 2/61 [acid dragon (9)]
  4965 | D:8      | Slain by an acid dragon

Illustrated notes

Levels and vault maps discovered:
D:1:      mrwooster_arrival_statue_3, layout_loops_ring, serial_shops, shop,
          minmay_misc_feat_doors
D:2:      layout_basic
D:3:      layout_loops_corners, minmay_door_square
D:4:      layout_cave_pools, nicolae_ru_awakened_eye, minmay_temple_entry_trees,
          grunt_ministairs_15, uniq_sigmund
D:5:      layout_basic, mainiacjoe_overflow_alcove_4,
          mainiacjoe_overflow_chevrons, uniq_edmund
D:6:      dreamdust_elfheim, layout_gridville, nicolae_ossuary_entry_plus,
          minmay_misc_feat_hallway, minivault_11
D:8:      layout_loops_corners, nzn_wu_jian_council_hall, grunt_ministairs_6,
          st_stairs_2, uniq_pikel

Skill      XL: |  1  2  3  4  5  6  7 |
---------------+----------------------+-----
Long Blades    | 4 5 |  5.2
Fighting       | 4 5 |  5.6
Dodging        | 3 |  3.8
Armour         | 4 5 6 |  6.2
Short Blades   | 1 2 |  2.2
Polearms       | 1 3 |  3.2
Axes           | 3 |  3.3
Stealth        | |  0.8
Shields        | |  0.6
Evocations     | |  0.2

Action                     |  1- 3 |  4- 6 |  7- 9 || total
---------------------------+-------+-------+-------++-------
  Melee: Falchion          |    74 |       |       ||    74
         Headbutt          |    16 |     8 |    18 ||    42
         Dagger            |    11 |    50 |       ||    61
         Halberd           |       |    14 |       ||    14
         Hand axe          |       |    11 |    63 ||    74
 Invoke: Trog's Hand       |       |     1 |       ||     1
  Evoke: Wand              |       |     1 |       ||     1
 Armour: Animal skin       |    29 |       |       ||    29
         Ring mail         |    19 |       |       ||    19
         Scale mail        |     8 |    59 |    41 ||   108
  Dodge: Dodged            |    73 |    46 |    34 ||   153
  Block: Other             |       |     1 |     9 ||    10
         Reflection        |       |       |     1 ||     1

Table legend: (Time is in decaauts)
 A = Elapsed time spent in this place.
 B = Non-inter-level travel time spent in this place.
 C = Inter-level travel time spent in this place.
 D = Time resting spent in this place.
 E = Time spent auto-exploring this place.
 F = Levels seen in this place.
 G = Mean time per level.
                   A        B        C        D        E       F      G
               +--------+--------+--------+--------+--------+-----+--------+
         Total |   4980 |   4980 |      0 |     32 |   3819 |   7 |  711.4 |
       Dungeon |   4980 |   4980 |      0 |     32 |   3819 |   7 |  711.4 |
               +--------+--------+--------+--------+--------+-----+--------+

Top non-repeatable levels by time:
     D:5: 1171 daAuts
     D:2: 1055 daAuts
     D:3: 910 daAuts
     D:1: 889 daAuts
     D:4: 822 daAuts
     D:8: 73 daAuts
     D:6: 57 daAuts
